 Dungeon Crawl Stone Soup version 0.30-a0-782-ge64f9170bb (webtiles) character file.

Game seed: 6012428499845925098

486 HoaS the Skirmisher (level 7, -1/50 HPs)
             Began as a Formicid Hunter on Mar 16, 2023.
             Slain by Edmund
             ... wielding a +1 dire flail of protection
              (10 damage)
             ... on level 5 of the Dungeon.
             The game lasted 00:06:16 (3116 turns).

HoaS the Skirmisher (Formicid Hunter)               Turns: 3116, Time: 00:06:17

Health: -1/50      AC:  8    Str: 16    XL:     7   Next: 35%
Magic:  7/7        EV: 12    Int:  8    God:
Gold:   248        SH:  0    Dex: 19    Spells: 6/6 levels left

rFire   . . .      SeeInvis +    a - +1 shortbow
rCold   + . .      Faith    .    (no shield)
rNeg    . . .      Spirit   .    c - +0 leather armour
rPois   .          Reflect  .    (helmet unavailable)
rElec   .          Harm     .    (no cloak)
rCorr   .          Rampage  .    (no gloves)
Will    .....                    h - +0 pair of boots
Stlth   ++                       (no amulet)
HPRegen 0.28/turn                f - +4 ring of protection
MPRegen 0.10/turn                l - ring of protection from cold

@: no status effects
A: permanent stasis, dig shafts and tunnels, antennae 3, four strong arms
a: Dig, Shaft Self


You were on level 5 of the Dungeon.
You visited 1 branch of the dungeon, and saw 5 of its levels.

You collected 248 gold pieces.

Inventory:

Hand Weapons
 a - a +1 shortbow (weapon)
Armour
 c - a +0 leather armour (worn)
 h - a +0 pair of boots (worn)
Jewellery
 f - a +4 ring of protection (left hand)
 j - a ring of ice
 l - a ring of protection from cold (right hand)
Scrolls
 b - a scroll of immolation
Potions
 d - 2 potions of attraction
 e - 2 potions of curing
 g - a potion of lignification {unknown}
 i - a potion of haste {unknown}
 m - 2 potions of ambrosia {unknown}
 n - a potion of berserk rage {unknown}


   Skills:
 - Level 2.1 Fighting
 + Level 8.3 Ranged Weapons
 - Level 1.7 Dodging
 - Level 1.2 Stealth


You had 6 spell levels left.
You didn't know any spells.
Your spell library contained the following spells:

 Spells                   Type           Power      Damage    Failure   Level
 Sandblast                Erth           0%         2d4       47%         1
 Cigotuvi's Dreadful Rot  Necr/Pois/Air  0%         N/A       63%         2
 Passwall                 Tmut/Erth      0%         N/A       63%         2
 Sublimation of Blood     Necr           0%         N/A       63%         2
 Wereblood                Tmut           0%         N/A       63%         2
 Stone Arrow              Conj/Erth      0%         3d7       85%         3
 Dispel Undead            Necr           0%         3d6       99%         4
 Death Channel            Necr           0%         N/A       100%        6
 Summon Hydra             Summ           0%         N/A       100%        7


Dungeon Overview and Level Annotations

Branches:
Dungeon (5/15)
 Temple: D:4-7

Altars:
Ashenzari
Kikubaaqudgha
Nemelex Xobeh
Qazlal
Ru
Wu Jian
Yredelemnul

Shops:
D:3 (

Annotations:
D:4 3 runed translucent doors, Sermion's ghost, amateur HOBe
D:5 Edmund


Innate Abilities, Weirdness & Mutations

You cannot be hasted, slowed, berserked, paralysed or teleported.
You can dig through walls and to a lower floor.
You have a pair of large antennae on your head. (SInv)
Your four strong arms can wield two-handed weapons with a shield.


Message History

You shoot an arrow.
The arrow hits Edmund but does no damage.
Edmund is moderately wounded.
Edmund barely misses you.
You shoot an arrow. The arrow hits Edmund.
Edmund is moderately wounded.
Edmund barely misses you.
You shoot an arrow.
The arrow hits Edmund but does no damage.
Edmund is moderately wounded.
Edmund clears his throat.
Edmund closely misses you.
You shoot an arrow.
The arrow hits Edmund but does no damage.
Edmund is moderately wounded.
Edmund gestures with his flail.
Edmund hits you with a +1 dire flail of protection!
You shoot an arrow. The arrow barely misses Edmund.
The arrow closely misses the scorpion.
Edmund closely misses you.
You shoot an arrow. The arrow barely misses Edmund.
The arrow hits the scorpion.
The scorpion is severely wounded.
Edmund says, "People accused me of being a cutpurse!"
Edmund hits you with a +1 dire flail of protection.
You shoot an arrow. The arrow hits Edmund.
Edmund is heavily wounded.
Edmund hits you with a +1 dire flail of protection.
Edmund hits you with a +1 dire flail of protection!
* * * LOW HITPOINT WARNING * * *
You shoot an arrow.
The arrow hits Edmund but does no damage.
Edmund is heavily wounded.
Edmund barely misses you.
Okay, then.
Okay, then.
You shoot an arrow.
The arrow hits Edmund but does no damage.
Edmund is heavily wounded.
Edmund hits you with a +1 dire flail of protection!
You die...

#.# #.# ########## #.#
#......... ### #.#
###.######## .... #.#
#.....# # ..... #.#
#.....######
......###.###.....'..<##
.....s@@..........#.####
......###.##..#####.# #
..... #.##..#####.# #
#########.##........####
......>...............
........##..##.##.####
..................# #
..........##.##...####
........#..#.#..#.....


You could see Edmund and a scorpion.

Vanquished Creatures
  Eustachio (D:5)
  A black bear (D:5)
  An orc priest (D:2)
  A scorpion zombie (D:4)
  Natasha (D:3)
  An orc wizard (D:3)
  6 adders
  An ufetubus (D:3)
  An adder zombie (D:4)
  4 worms
  A dart slug (D:1)
  6 orcs
  2 ball pythons
  5 endoplasms
  4 giant cockroaches
  7 hobgoblins
  3 jackals (D:1)
  5 kobolds
  4 quokkas
  2 bats
  4 frilled lizards
  4 goblins
  A rat (D:2)
66 creatures vanquished.

Notes
Turn   | Place    | Note
-------+----------+-------------------------------------------
     0 | D:1      | HoaS the Formicid Hunter began the quest for the Orb.
     0 | D:1      | Reached XP level 1. HP: 16/16 MP: 1/1
    91 | D:1      | Reached XP level 2. HP: 22/22 MP: 2/2
   304 | D:1      | Found a faded altar of an unknown god.
   326 | D:1      | Reached XP level 3. HP: 27/27 MP: 3/3
   879 | D:2      | Reached skill level 5 in Ranged Weapons
   971 | D:2      | Reached XP level 4. HP: 33/33 MP: 4/4
  1597 | D:2      | Reached XP level 5. HP: 34/38 MP: 5/5
  1626 | D:3      | Reached skill level 6 in Ranged Weapons
  1686 | D:3      | Found an ancient bone altar of Kikubaaqudgha.
  1686 | D:3      | Noticed Natasha
  1689 | D:3      | Killed Natasha
  1913 | D:3      | Found an ornate altar of the Wu Jian Council.
  2020 | D:3      | Found Fomm's Antique Weapon Boutique.
  2096 | D:3      | Reached XP level 6. HP: 44/44 MP: 6/6
  2352 | D:4      | Identified the +9 short sword of the Evening {flame, *Rage
                  | rCorr MP+9 SInv}
  2364 | D:4      | Found a sacrificial altar of Ru.
  2386 | D:4      | Found a broken altar of Ashenzari.
  2592 | D:4      | Found a runed translucent gate.
  2592 | D:4      | Found a runed translucent gate.
  2592 | D:4      | Found a runed translucent gate.
  2592 | D:4      | Noticed Sermion's ghost (amateur HOBe)
  2594 | D:4      | Found a basalt altar of Yredelemnul.
  2603 | D:4      | Reached skill level 7 in Ranged Weapons
  2772 | D:4      | Found a sparkling altar of Nemelex Xobeh.
  2890 | D:5      | Entered Level 5 of the Dungeon
  2934 | D:5      | Found a stormy altar of Qazlal.
  2940 | D:5      | Noticed a black bear
  2955 | D:5      | Noticed Eustachio
  2958 | D:5      | Killed a black bear
  2981 | D:5      | Killed Eustachio
  2982 | D:5      | Reached skill level 8 in Ranged Weapons
  2982 | D:5      | Reached XP level 7. HP: 28/50 MP: 7/7
  3091 | D:5      | Noticed Edmund
  3116 | D:5      | Slain by Edmund

Illustrated notes

Levels and vault maps discovered:
D:1:      lemuel_arrival_room, layout_loops_ring, ebering_ecumenical_altar_webs
D:2:      layout_loops_ring
D:3:      layout_loops_cross, nicolae_kikubaaqudgha_miasma_corner,
          nzn_wu_jian_council_hall, serial_shops, nicolae_shop_trees,
          uniq_natasha
D:4:      layout_loops_ring, nemelex_dance_club_becter, amcnicky_altar_gilded,
          nicolae_yredelemnul_ghost_church, nicolae_overflow_crystal_walls
D:5:      layout_basic, good_gods_temple_1, mainiacjoe_overflow_small_starburst,
          nicolae_shop_vocational, uniq_edmund, uniq_eustachio

Skill      XL: |  1  2  3  4  5  6 |
---------------+-------------------+-----
Ranged Weapons | 5 6 8 |  8.3
Fighting       | |  2.1
Dodging        | |  1.7
Stealth        | |  1.2

Action                     |  1- 3 |  4- 6 |  7- 9 || total
---------------------------+-------+-------+-------++-------
   Fire: Shortbow          |    57 |   122 |    31 ||   210
Ability: Dig               |       |     1 |       ||     1
    Use: Scroll            |     2 |     9 |       ||    11
         Potion            |       |     1 |     2 ||     3
 Armour: Leather armour    |     9 |    23 |       ||    32
  Dodge: Dodged            |    22 |    44 |    13 ||    79

Table legend: (Time is in decaauts)
 A = Elapsed time spent in this place.
 B = Non-inter-level travel time spent in this place.
 C = Inter-level travel time spent in this place.
 D = Time resting spent in this place.
 E = Time spent auto-exploring this place.
 F = Levels seen in this place.
 G = Mean time per level.
                   A        B        C        D        E       F      G
               +--------+--------+--------+--------+--------+-----+--------+
         Total |   3162 |   3003 |    159 |    219 |   2295 |   5 |  632.4 |
       Dungeon |   3162 |   3003 |    159 |    219 |   2295 |   5 |  632.4 |
               +--------+--------+--------+--------+--------+-----+--------+

Top non-repeatable levels by time:
     D:1: 880 daAuts
     D:2: 742 daAuts
     D:3: 686 daAuts
     D:4: 617 daAuts
     D:5: 235 daAuts
